 Dungeon Sprint DCSS version 0.31.0-32-g396128a36d (webtiles) character file.

Game seed: 10074321792781108172

325 Heoruswealwe the Spear-Bearer (level 6, -18/62 HPs)
             Began as a Minotaur Fighter on Mar 9, 2024.
             Was an Initiate of Gozag.
             Demolished by a komodo dragon (25 damage)
             ... in the Dungeon (Sprint IX: "|||||||||||||||||||||||||||||").
             The game lasted 00:00:43 (108 turns).

Heoruswealwe the Spear-Bearer (Minotaur Fighter)     Turns: 108, Time: 00:00:43

Health: -18/62     AC:  8    Str: 22    XL:     6   Next: 24%
Magic:  5/5        EV:  9    Int:  5    God:    Gozag
Gold:   0          SH:  4    Dex: 10    Spells: 5/5 levels left

rFire   . . .        a - +0 trident
rCold   . . .        d - +0 buckler
rNeg    . . .        c - +0 scale mail
rPois   .            (helmet restricted)
rElec   .            (no cloak)
rCorr   .            (no gloves)
SInv    .            (no boots)
Will    .....        (no amulet) Stlth
                     (no ring)
HPRegen 0.30/turn    (no ring)
MPRegen 0.09/turn

%: no teleportation
@: gold aura
A: horns 2, retaliatory headbutt
a: Renounce Religion, Potion Petition, Call Merchant, Bribe Branch


You were in the Dungeon.
You worshipped Gozag.
Gozag was noncommittal.
You visited 1 branch

Inventory:

Hand Weapons
 a - a +0 trident (weapon)
Armour
 c - a +0 scale mail (worn)
 d - a +0 buckler (worn)
Jewellery
 k - a +3 ring of dexterity
 l - a +3 ring of intelligence
Wands
 h - a wand of quicksilver (10)
Scrolls
 j - 2 scrolls of blinking
Potions
 b - a potion of might
 e - 5 potions of curing
 f - 3 potions of heal wounds
 g - a potion of haste
 i - a potion of berserk rage


   Skills:
 + Level 8.7 Fighting
 * Level 11.4 Polearms
 + Level 8.7 Armour
 - Level 3.6 Shields


You had 5 spell levels left.
You didn't know any spells.
Your spell library was empty.

Dungeon Overview and Level Annotations

Branches:
Dungeon (1/1)

Altars:
Cheibriados
Dithmenos
Elyvilon
Fedhas
Gozag
Hepliaklqana
Kikubaaqudgha
Makhleb
Nemelex Xobeh
Okawaru
Qazlal
Ru
Sif Muna
Trog
Uskayaw
Vehumet
Wu Jian
Xom
Yredelemnul
Zin
The Shining One
Jiyva
Lugonu


Innate Abilities, Weirdness & Mutations

You have a pair of horns on your head.
You reflexively headbutt those who attack you in melee.


Message History

The orc warrior closely misses you.
You hit the orc warrior.
The orc warrior is severely wounded.
The orc warrior barely misses you.
The komodo dragon is distracted by your dazzling golden aura.
You closely miss the orc warrior.
The komodo dragon hisses angrily.
Your headbutt misses the orc warrior.
The orc warrior is severely wounded.
The orc warrior barely misses you.
You hit the orc warrior.
The orc warrior is almost dead.
You barely miss the orc warrior.
The orc warrior is almost dead.
The orc warrior hits you but does no damage.
You puncture the orc warrior!
You kill the orc warrior!
Your Polearms skill increases to level 11!
You have reached level 6!
There is an open door to the Dungeon, spattered with blood here.
Things that are here:
171 gold pieces; a +0 scimitar; a +0 plate armour You hit the komodo dragon but do no damage.
The komodo dragon is no longer distracted by gold.
You headbutt the komodo dragon.
The komodo dragon is lightly wounded.
The centaur is distracted by your dazzling golden aura.
The komodo dragon closely misses you.
You closely miss the komodo dragon.
The komodo dragon is lightly wounded.
The centaur shouts!
You hit the komodo dragon.
The komodo dragon is moderately wounded.
The komodo dragon bites you!
* * * LOW HITPOINT WARNING * * *
You puncture the komodo dragon!
The komodo dragon is heavily wounded.
The komodo dragon bites you!!
You die...
Your body crumbles into a pile of gold. ▓▓▓▓▓▓▓▓▓▓▓▓▓▓▓▓▓▓▓▓▓▓▓▓ +..{{cl@..[[[.)?!'______ ▓▓▓▓▓▓▓▓▓▓▓▓▓▓▓▓▓▓▓▓▓▓▓▓

You could see a komodo dragon and a centaur.

Vanquished Creatures
  A yak (D)
  An orc warrior (D)
  2 bombardier beetles (D)
  An adder (D)
  5 dart slugs (D)
  A ball python (D)
  A frilled lizard (D)
12 creatures vanquished.

Notes
Turn   | Place    | Note
-------+----------+-------------------------------------------
     0 | D        | Heoruswealwe the Minotaur Fighter began the quest for the
                  | Orb.
     0 | D        | Reached XP level 1. HP: 19/19 MP: 0/0
     7 | D        | Reached skill level 3 in Polearms
    12 | D        | Reached skill level 4 in Polearms
    12 | D        | Reached XP level 2. HP: 28/28 MP: 1/1
    20 | D        | Noticed a bombardier beetle
    20 | D        | Noticed a bombardier beetle
    29 | D        | Killed a bombardier beetle
    30 | D        | Reached skill level 5 in Fighting
    30 | D        | Reached skill level 6 in Polearms
    30 | D        | Reached skill level 5 in Armour
    30 | D        | Reached XP level 3. HP: 31/36 MP: 2/2
    40 | D        | Reached skill level 7 in Polearms
    40 | D        | Reached XP level 4. HP: 39/45 MP: 3/3
    44 | D        | Found a snail-covered altar of Cheibriados.
    44 | D        | Found a shadowy altar of Dithmenos.
    44 | D        | Found a white marble altar of Elyvilon.
    44 | D        | Found a blossoming altar of Fedhas.
    44 | D        | Found an opulent altar of Gozag.
    45 | D        | Found a hazy altar of Hepliaklqana.
    46 | D        | Found a viscous altar of Jiyva.
    47 | D        | Found an ancient bone altar of Kikubaaqudgha.
    48 | D        | Found a corrupted altar of Lugonu.
    49 | D        | Found a burning altar of Makhleb.
    50 | D        | Found a sparkling altar of Nemelex Xobeh.
    51 | D        | Found an iron altar of Okawaru.
    52 | D        | Became a worshipper of Gozag Ym Sagoz the Greedy
    53 | D        | Found a stormy altar of Qazlal.
    54 | D        | Found a sacrificial altar of Ru.
    55 | D        | Found a shimmering blue altar of Sif Muna.
    56 | D        | Found a bloodstained altar of Trog.
    57 | D        | Found a hide-covered altar of Uskayaw.
    58 | D        | Found a radiant altar of Vehumet.
    59 | D        | Found an ornate altar of the Wu Jian Council.
    60 | D        | Found a shimmering altar of Xom.
    61 | D        | Found a basalt altar of Yredelemnul.
    62 | D        | Found a glowing silver altar of Zin.
    63 | D        | Found a glowing golden altar of the Shining One.
    88 | D        | Noticed a centaur
    88 | D        | Noticed a komodo dragon
    88 | D        | Noticed an orc warrior
    88 | D        | Noticed a yak
    96 | D        | Killed a yak
    97 | D        | Reached skill level 10 in Polearms
    97 | D        | Reached XP level 5. HP: 13/53 MP: 4/4
   103 | D        | Killed an orc warrior
   104 | D        | Reached skill level 11 in Polearms
   104 | D        | Reached XP level 6. HP: 17/62 MP: 5/5
   108 | D        | Demolished by a komodo dragon

Illustrated notes

Levels and vault maps discovered:
D:        linesprint [early_d, line_temple, items_1, d_10, items_2, lair_1,
          lair_end, items_3, orc_1, orc_end, items_4, d_15, swamp_1, shoals_1,
          snake_1, spider_1, d_20, vaults_1, items_5, swamp_end, shoals_end,
          snake_end, spider_end, vaults_end, d_27, items_6, zot_1, zot_end,
          crypt_end, forest_end, elf_end, slime_end, tomb_end, abyss_end,
          pan_hell_end]

Skill      XL: |  1  2  3  4  5 |
---------------+----------------+-----
Fighting       | 4 5 6 8 |  8.7
Polearms       | 4 6 7 10 11 | 11.4
Armour         | 4 5 6 8 |  8.7
Shields        | |  3.6

Action                     |  1- 3 |  4- 6 || total
---------------------------+-------+-------++-------
  Melee: Trident           |    27 |    19 ||    46
         Headbutt          |     5 |     6 ||    11
 Armour: Scale mail        |     9 |     8 ||    17
  Dodge: Dodged            |     9 |     6 ||    15
  Block: Buckler           |     1 |       ||     1
